Map: Dash and Terminal LE (Void)

Players

Blizzopticon

  • Race: Zerg Zerg
  • League: Silver

SticklerMac - Winner!

  • Race: Zerg Zerg
  • League: Silver

VOD

Have the link to the VOD?

Description

Time

  • Played on: Sept. 13, 2015, 5:06 p.m.
  • Length: 5:19
Show
View Real Time Build Order
Export as new Build Order

Blizzopticon Zerg 

Build Orders: Pool First 

Get SALT Encoding   

  12  0:17  Extractor  
  11  0:23  Drone, Spawning Pool  
  11  0:31  Drone  
  11  0:34  Drone  
  13  0:44  Overlord  
  13  1:10  Zergling x6  
  16  1:22  Metabolic Boost  
  16  1:28  Zergling x2  
  16  1:32  Zergling x2  
  18  1:39  Queen  
  20  1:49  Overlord  
  20  2:00  Spine Crawler  
  19  2:15  Zergling x4  
  22  2:25  Drone  
  23  2:39  Drone x2  
  23  2:47  Drone  
  23  2:48  Drone x2  
  26  3:05  Hatchery  
  24  3:25  Drone  
  24  3:26  Drone x5  
  30  3:32  Roach Warren  
  28  3:40  Overlord  
  28  3:52  Overlord  
  28  4:01  Overlord  
  28  4:05  Zergling x2  
  28  4:06  Zergling x2  
  30  4:19  Zergling x2  
  29  4:28  Roach x3  
  33  4:31  Roach x2  
Show
View Real Time Build Order
Export as new Build Order

SticklerMac Zerg - Winner!

Build Orders: Pool Only, Zergling Baneling 

Get SALT Encoding   

  12  0:00  Drone  
  13  0:08  Drone  
  14  0:17  Extractor  
  14  0:18  Drone  
  14  0:35  Spawning Pool  
  13  0:39  Drone  
  14  0:51  Overlord  
  14  1:27  Drone x2, Spine Crawler  
  14  1:29  Zergling x2  
  14  1:30  Spine Crawler  
  15  1:39  Drone  
  16  1:47  Metabolic Boost  
  16  2:00  Drone  
  17  2:01  Zergling x2  
  18  2:16  Spine Crawler  
  18  2:19  Spine Crawler  
  18  2:20  Zergling x2  
  17  2:24  Zergling x2  
  18  2:32  Zergling x2  
  19  2:47  Overlord  
  19  2:48  Baneling Nest  
  17  3:06  Zergling x4  
  19  3:14  Queen  
  19  3:15  Zergling x2  
  22  3:26  Overlord  
  22  3:48  Zergling x4  
  24  3:57  Zergling x2  
  25  4:19  Zergling x4  
  25  4:23  Zergling x2  
  25  4:24  Zergling x4  
  28  4:37  Zergling x2  
  29  4:51  Baneling x7  
  29  4:52  Baneling x3  
  29  4:53  Zergling x2  
Tags
 
Add a new tag
Caveats
  • Supply blocks, unpowered buildings, or Contaminate may cause inaccurate times.
  • Supply counts are checked every 10 seconds.